 Dungeon Crawl Stone Soup version 0.32-a0-938-g40ac7a0f4d (webtiles) character file.

Game seed: 13051748109006993956

2324 Ge0ff the Spear-Bearer (level 9, -4/54 HPs)
             Began as a Gargoyle Warper on Apr 15, 2024.
             Was an Initiate of Makhleb.
             Engulfed by a cloud of flame (19 damage)
             ... on level 7 of the Dungeon.
             The game lasted 00:18:56 (8312 turns).

Ge0ff the Spear-Bearer (Gargoyle Warper)            Turns: 8312, Time: 00:18:57

Health: -4/54      AC: 13    Str: 15    XL:     9   Next: 42%
Magic:  12/13      EV: 15    Int: 18    God:    Makhleb [......]
Gold:   112        SH:  0    Dex:  9    Spells: 9/14 levels left

rFire   . . .        a - +1 trident (flame)
rCold   + . .        (no shield)
rNeg    + . .        V - +1 leather armour {rC+}
rPois   ∞            (no helmet)
rElec   +            Q - +1 cloak
rCorr   .            (no gloves)
SInv    .            S - +0 pair of boots
Will    .....        (no amulet)
Stlth   +            R - +5 ring of evasion
HPRegen 0.29/turn    N - ring of wizardry
MPRegen 0.13/turn

%: wizardry (x1)
@: no status effects
A: sickness immunity, AC +6, negative energy resistance 1, electricity
resistance, torment resistance 1, petrification resistance
a: Renounce Religion


You were on level 7 of the Dungeon.
You worshipped Makhleb.
Makhleb was noncommittal.
You visited 1 branch of the dungeon, and saw 7 of its levels.
You also visited: Sewer.

You collected 403 gold pieces.
You spent 291 gold pieces at shops.

Inventory:

Hand Weapons
 a - a +1 trident of flaming (weapon)
 b - a +1 dagger of venom
 J - a +0 sling
 P - a +0 spear
 W - a +2 short sword of electrocution
Missiles
 G - 44 stones
 U - 3 boomerangs (quivered)
Armour
 K - a +0 plate armour
 Q - a +1 cloak (worn)
 S - a +0 pair of boots (worn)
 V - a +1 leather armour of cold resistance (worn)
 Z - a +1 scale mail of poison resistance
Jewellery
 N - a ring of wizardry (right hand)
 R - a +5 ring of evasion (left hand)
Scrolls
 B - 2 scrolls of blinking
 E - 2 scrolls of fear
 F - 2 scrolls of fog
 M - a scroll of amnesia {unknown}
 O - a scroll of brand weapon
 T - 4 scrolls of teleportation
 Y - 2 scrolls of enchant armour
Potions
 q - a potion of curing
 L - a potion of lignification
 X - a potion of enlightenment


   Skills:
 - Level 5.0 Fighting
 + Level 8.5 Polearms
 - Level 0.8 Throwing
 - Level 2.0 Armour
 - Level 1.5 Dodging
 - Level 2.0 Stealth
 - Level 3.0 Spellcasting
 - Level 6.0 Translocations
 - Level 2.0 Evocations


You had 9 spell levels left.
You knew the following spells:

 Your Spells              Type           Power      Damage    Failure   Level
B - Blink                 Tloc           48%        N/A       1%          2
C - Maxwell's Portable P  Tloc           24%        2d(7-20)  1%          3

Your spell library contained the following spells:

 Spells                   Type           Power      Damage    Failure   Level
 Lesser Beckoning         Tloc           48%        N/A       1%          2
 Teleport Other           Tloc           24%        N/A       1%          3
 Momentum Strike          Conj/Tloc      26%        3d8       3%          2
 Magic Dart               Conj           8%         1d3       9%          1
 Call Imp                 Summ           4%         N/A       12%         2
 Vhi's Electric Charge    Tloc/Air       26%        N/A       22%         4
 Inner Flame              Hex/Fire       2%         N/A       24%         3
 Flame Wave               Conj/Fire      2%         2d4       58%         4
 Sticky Flame             Fire/Alch      2%         2d4       58%         4


Dungeon Overview and Level Annotations

Branches:
Dungeon (7/15) Zot: 26621   Sewer (visited)
 Temple: D:4-7

Altars:
Ashenzari
Elyvilon
Makhleb
Nemelex Xobeh
Ru

Shops:
D:2 ?   D:5 (

Annotations:
D:5 2 transporters, Autsider's ghost, amateur GrEE


Innate Abilities, Weirdness & Mutations

You are immune to sickness and miasma.
Your stone body is resilient. (AC +6)
You are immune to poison.
You resist negative energy. (rN+)
You are resistant to electric shocks. (rElec)
You are resistant to unholy torment.
You are immune to petrification.


Message History

You hit the howler monkey. You burn the howler monkey.
The howler monkey is severely wounded.
The howler monkey closely misses you.
You hit the howler monkey. You burn the howler monkey.
You kill the howler monkey!
Makhleb accepts your kill.
You closely miss the scorpion. The scorpion closely misses you.
You hit the scorpion. You burn the scorpion.
The scorpion is moderately wounded.
The scorpion stings you but does no damage.
An orc warrior comes into view. It is wielding a +0 long sword.
You barely miss the scorpion.
The scorpion is moderately wounded.
The scorpion stings you but does no damage.
You barely miss the scorpion.
The scorpion is moderately wounded.
The scorpion closely misses you. x2
You closely miss the scorpion.
The scorpion is moderately wounded.
The scorpion stings you but does no damage.
As you read the scroll of immolation, it crumbles to dust.
The creatures around you are filled with an inner flame!
The scorpion stings you but does no damage.
You hit the scorpion but do no damage.
The scorpion is moderately wounded.
The scorpion closely misses you.
You hit the scorpion but do no damage.
The scorpion is moderately wounded.
The scorpion barely misses you.
You puncture the scorpion! You burn the scorpion. Makhleb accepts your kill.
The scorpion explodes!
The fiery explosion engulfs you!!!
Ouch! That really hurt!
* * * LOW HITPOINT WARNING * * *
The fiery explosion engulfs the orc wizard!!
Makhleb accepts your kill.
The orc wizard explodes!
The fiery explosion engulfs the orc warrior!!
Flame seeps out of the orc warrior.
The orc warrior is almost dead.
The fiery explosion engulfs the orc wizard!!!
Makhleb accepts your kill.
The orc wizard explodes!
The fiery explosion engulfs the orc warrior!!
Makhleb accepts your kill. x2
You feel a bit more experienced.
The orc warrior explodes!
You are engulfed in blazing flames.
You die...

#.# #.
#.#
#### #.
#.#
...≈
#.#
.≈≈≈≈
#.#
#.≈...
#.#
#....
#.# ...
#.###§#
#.@§§○#
#####§#
.# s#
.. o.
..o ..o


There were no monsters in sight!

Vanquished Creatures
  3 vampire mosquitoes (D:7)
  Eustachio (D:5)
  A water moccasin (D:6)
  Pargi (Sewer)
  An orc warrior (D:7)
  An ice beast (D:4)
  3 ogres
  A brain worm (Sewer)
  A bullfrog (D:6)
  3 scorpions
  6 killer bees (D:7)
  3 howler monkeys
  5 hounds
  2 jellies (D:6)
  An orc priest (D:3)
  A sleepcap (D:6)
  2 iguanas
  4 orc wizards
  7 adders
  4 gnolls (D:7)
  A shadow imp (D:4)
  A dart slug (D:3)
  2 ribbon worms
  24 orcs
  4 ball pythons
  15 bats
  9 endoplasms
  5 giant cockroaches
  5 goblins
  6 hobgoblins
  6 jackals
  2 kobolds
  7 quokkas
  6 frilled lizards
  11 rats
155 creatures vanquished.

Notes
Turn   | Place    | Note
-------+----------+-------------------------------------------
     0 | D:1      | Ge0ff the Gargoyle Warper began the quest for the Orb.
     0 | D:1      | Reached XP level 1. HP: 12/12 MP: 3/3
   124 | D:1      | Reached skill level 2 in Polearms
   293 | D:1      | Reached skill level 1 in Stealth
   293 | D:1      | Reached XP level 2. HP: 14/17 MP: 5/5
   494 | D:1      | Learned a level 2 spell: Blink
   720 | D:1      | Reached XP level 3. HP: 21/21 MP: 6/6
   998 | D:2      | Reached skill level 3 in Polearms
  1581 | D:2      | Found Viarph Lirpho's Magic Scroll Boutique.
  1591 | D:2      | Bought 3 scrolls of identify for 66 gold pieces
  1591 | D:2      | Bought a scroll of noise for 11 gold pieces
  1710 | D:2      | Reached XP level 4. HP: 26/26 MP: 7/7
  2549 | D:3      | Reached skill level 4 in Polearms
  2549 | D:3      | Reached XP level 5. HP: 14/30 MP: 8/8
  3360 | D:4      | Reached skill level 5 in Polearms
  3515 | D:4      | Reached XP level 6. HP: 36/36 MP: 9/9
  3533 | D:4      | Reached skill level 1 in Evocations
  3849 | D:4      | Found a white marble altar of Elyvilon.
  4333 | D:4      | Found a sacrificial altar of Ru.
  4482 | D:5      | Entered Level 5 of the Dungeon
  4516 | D:5      | Found a broken altar of Ashenzari.
  4594 | D:5      | Reached XP level 7. HP: 34/43 MP: 10/10
  4737 | D:5      | Found Offos's Antique Weapon Shop.
  4913 | D:5      | Noticed Autsider's ghost (amateur GrEE)
  4913 | D:5      | Found a transporter.
  4913 | D:5      | Found a transporter.
  4937 | D:4      | Reached skill level 5 in Fighting
  5083 | D:5      | Learned a level 3 spell: Maxwell's Portable Piledriver
  5301 | D:5      | Noticed Eustachio
  5793 | D:6      | Found a glowing drain.
  5797 | Sewer    | Entered a sewer
  6020 | Sewer    | Noticed Pargi
  6033 | Sewer    | Killed Pargi
  6034 | Sewer    | Reached XP level 8. HP: 49/49 MP: 11/11
  6263 | D:5      | Found a sparkling altar of Nemelex Xobeh.
  6724 | D:5      | Killed Eustachio
  7053 | D:2      | Bought a scroll of enchant weapon for 82 gold pieces
  7053 | D:2      | Bought a scroll of identify for 22 gold pieces
  7053 | D:2      | Bought a scroll of immolation for 44 gold pieces
  7053 | D:2      | Bought a scroll of teleportation for 33 gold pieces
  7053 | D:2      | Bought a scroll of teleportation for 33 gold pieces
  7167 | D:6      | Reached skill level 6 in Polearms
  7167 | D:6      | Reached skill level 5 in Translocations
  7777 | D:6      | Found a burning altar of Makhleb.
  7777 | D:6      | Noticed an Executioner
  7781 | D:6      | Noticed an orange demon
  7781 | D:6      | Noticed a ynoxinul
  7783 | D:6      | Became a worshipper of Makhleb the Destroyer
  7974 | D:7      | Reached skill level 7 in Polearms
  7974 | D:7      | Reached XP level 9. HP: 45/54 MP: 13/13
  8161 | D:7      | Reached skill level 8 in Polearms
  8312 | D:7      | Engulfed by a cloud of flame

Illustrated notes

Levels and vault maps discovered:
D:1:      lemuel_arrival_funnel, layout_basic, serial_aquarium,
          aquarium_bridge_straight [aquarium_subvault_bridge,
          aquarium_subvault_window, aquarium_subvault_bridge,
          aquarium_subvault_window], aquarium_bridge_square
          [aquarium_subvault_wall, aquarium_subvault_window,
          aquarium_subvault_bridge, aquarium_subvault_bridge],
          aquarium_window_1, aquarium_window_fake, aquarium_view_2f
D:2:      layout_basic, serial_shops, nicolae_shop_just_a_little_nook,
          minmay_fountain_box
D:3:      layout_basic, serial_bayou, serial_bayou_pond_b,
          serial_bayou_crossing, serial_bayou_pond_d, serial_bayou_shore_a
D:4:      layout_basic, elyvilon_altar_1, nicolae_ru_sacrificial_ziggurat,
          minivault_14, st_stairs_4, minmay_hedge_maze
D:5:      cheibrodos_quashed, layout_cave_pods, evilmike_ruin_ashenzari,
          nemelex_xobeh_ov_fountains_minmay, gammafunk_ghost_hive, serial_shops,
          shop, serial_rivers, chequers_serial_rivers_small_b,
          chequers_serial_rivers_micro_c, chequers_serial_rivers_micro_a,
          chequers_serial_rivers_large_b, chequers_serial_rivers_micro_c,
          chequers_serial_rivers_small_3, uniq_eustachio
D:6:      nicolae_cairo_tiling_large_dashed, layout_cave_pools,
          makhleb_altar_promises_db, gup_sewer_entry_spiral
D:7:      layout_loops_ring, nicolae_gozag_zags_fifth_avenue,
          amethyst_overflow_temple_binary, mainiacjoe_overflow_six_doors_small,
          kennysheep_orc_sif_temple, minmay_temple_entry_crystal_x,
          uniq_prince_ribbit1

Skill      XL: |  1  2  3  4  5  6  7  8  9 |
---------------+----------------------------+-----
Polearms       | 2 3 4 5 7 8 |  8.5
Stealth        | 1 2 |  2.0
Fighting       | 4 5 |  5.0
Translocations | 3 6 |  6.0
Evocations     | 2 |  2.0
Spellcasting   | 3 |  3.0
Armour         | 2 |  2.0
Throwing       | |  0.8
Dodging        | |  1.5

Action                     |  1- 3 |  4- 6 |  7- 9 || total
---------------------------+-------+-------+-------++-------
  Melee: Spear             |   190 |   292 |   218 ||   700
         Dagger            |       |    22 |       ||    22
         Trident           |       |       |   242 ||   242
  Throw: Dart              |     7 |       |       ||     7
         Stone             |     2 |    14 |    13 ||    29
         Boomerang         |       |       |    23 ||    23
   Cast: Maxwell's Portabl |       |       |     2 ||     2
  Evoke: Wand              |       |     8 |     2 ||    10
    Use: Potion            |     1 |       |     4 ||     5
         Scroll            |     4 |     2 |     7 ||    13
   Stab: Sleeping          |     3 |     2 |       ||     5
 Armour: Leather armour    |    86 |   157 |   253 ||   496
         Skin              |       |       |    53 ||    53
  Dodge: Dodged            |    72 |    97 |   414 ||   583

Table legend: (Time is in decaauts)
 A = Elapsed time spent in this place.
 B = Non-inter-level travel time spent in this place.
 C = Inter-level travel time spent in this place.
 D = Time resting spent in this place.
 E = Time spent auto-exploring this place.
 F = Levels seen in this place.
 G = Mean time per level.
                   A        B        C        D        E       F      G
               +--------+--------+--------+--------+--------+-----+--------+
         Total |   8354 |   7723 |    631 |    701 |   4550 |   8 | 1044.2 |
       Dungeon |   8074 |   7443 |    631 |    592 |   4529 |   7 | 1153.4 |
         Sewer |    279 |    279 |      0 |    109 |     21 |   1 |  279.0 |
               +--------+--------+--------+--------+--------+-----+--------+

Top non-repeatable levels by time:
     D:5: 1698 daAuts
     D:4: 1481 daAuts
     D:3: 1387 daAuts
     D:6: 1110 daAuts
     D:2: 1098 daAuts
     D:1: 921 daAuts
     D:7: 378 daAuts
   Sewer: 279 daAuts
